[Event "January 2 Early 2024"]
[Site "https://www.chess.com"]
[Date "2024.01.02"]
[Round "11"]
[White "Beydullayeva, Govhar"]
[Black "Skliarov, Viktor"]
[Result "0-1"]
[Board "73"]
[TimeControl "180+1"]
[WhiteFideId "13413015"]
[BlackFideId "14106736"]
[WhiteElo "2499"]
[BlackElo "2646"]
[WhiteTeam "AZE"]
[BlackTeam "UKR"]
[WhiteClock "0:00:00"]
[BlackClock "0:00:04"]

1. Nf3 g6 2. g3 Bg7 3. Bg2 Nf6 4. d4 O-O 5. c4 c6 6. Nc3 d6 7. O-O Qa5 8. e4 Qh5 9. Ng5 Qxd1 10. Rxd1 h6 11. Nf3 Bg4 12. h3 Bxf3 13. Bxf3 Nbd7 14. Be3 Rfe8 15. Rd2 h5 16. Rad1 Kh7 17. Be2 Bh6 18. f4 Nb6 19. Kf2 d5 20. e5 Nfd7 21. c5 Nc8 22. g4 h4 23. f5 Bxe3+ 24. Kxe3 g5 25. e6 Nf6 26. exf7 Rf8 27. Bd3 Kg7 28. Ne2 a6 29. Ng1 Rxf7 30. Nf3 Kh6 31. Re2 Na7 32. Kf2 Re8 33. Rde1 Nc8 34. Re6 Rff8 35. Ne5 Kg7 36. Ng6 Rf7 37. Ne5 Rg8 38. Nxf7 Kxf7 39. R6e2 Rd8 40. Kf3 Rd7 41. b4 Na7 42. a4 Rc7 43. Rb2 Rd7 44. Re6 Rd8 45. b5 axb5 46. axb5 Nxb5 47. Bxb5 cxb5 48. Rxb5 Ra8 49. Rxb7 Ra3+ 50. Ke2 Ng8 51. c6 Rxh3 52. c7 Rc3 53. Ra6 h3 54. Kf2 h2 55. Kg2 Rc2+ 56. Kh1 Nf6 57. Ra2 Rc1+ 58. Kxh2 Nxg4+ 59. Kg3 Ne3 60. Ra8 Nxf5+ 61. Kg4 Nd6 62. Rba7 Nb5 0-1

[Event "January 2 Early 2024"]
[Site "https://www.chess.com"]
[Date "2024.01.02"]
[Round "11"]
[White "Santos Flores, Alberto"]
[Black "Feuerstack, Aljoscha"]
[Result "0-1"]
[Board "74"]
[TimeControl "180+1"]
[WhiteFideId "3601234"]
[BlackFideId "4681932"]
[WhiteElo "2499"]
[BlackElo "2642"]
[WhiteTeam "ECU"]
[BlackTeam "GER"]
[WhiteClock "0:00:18"]
[BlackClock "0:00:23"]

1. e4 c6 2. c4 d5 3. exd5 cxd5 4. cxd5 Nf6 5. Qa4+ Nbd7 6. Bc4 g6 7. Nc3 Bg7 8. Nf3 O-O 9. d3 a6 10. Qa3 b6 11. O-O Bb7 12. Re1 Re8 13. h3 b5 14. Bb3 Nb6 15. d6 Bxf3 16. gxf3 exd6 17. Be3 Nc8 18. Bd4 Ne7 19. Ne4 Nxe4 20. Bxg7 Ng5 21. Bf6 Nxf3+ 22. Kg2 Nxe1+ 23. Rxe1 Qd7 24. Qb4 Nc6 25. Qh4 Qf5 26. Re4 Rxe4 27. dxe4 Qh5 28. Qf4 Ne5 29. Bxe5 Qxe5 30. Qxf7+ Kh8 31. Bd5 Re8 32. b3 Qe7 33. Qf3 Rf8 34. Qe2 Qe5 35. a3 Kg7 36. a4 Qg5+ 37. Kh2 Qf4+ 38. Kg2 Qg5+ 39. Kh2 bxa4 40. bxa4 Qf4+ 41. Kg2 Qg5+ 42. Kh2 Rf4 43. a5 Qe5 44. Kg2 Qg5+ 45. Kh2 Qe5 46. Kg2 Qc3 47. Bc4 Qxa5 48. Bxa6 Qg5+ 49. Kh2 Qe5 50. Kg2 Qxe4+ 51. Qxe4 Rxe4 0-1

[Event "January 2 Early 2024"]
[Site "https://www.chess.com"]
[Date "2024.01.02"]
[Round "11"]
[White "Hasanagic, Anel"]
[Black "Spata, German"]
[Result "0-1"]
[Board "75"]
[TimeControl "180+1"]
[WhiteFideId "14605791"]
[BlackFideId "113026"]
[WhiteElo "2495"]
[BlackElo "2638"]
[WhiteTeam "SLO"]
[BlackTeam "ARG"]
[WhiteClock "0:00:07"]
[BlackClock "0:00:16"]

1. b4 e6 2. a3 a5 3. b5 c6 4. c4 cxb5 5. cxb5 d5 6. Bb2 Nf6 7. Nf3 Be7 8. e3 O-O 9. d4 Nbd7 10. Bd3 Nb6 11. Nc3 Bd7 12. O-O Rc8 13. Ne5 Nc4 14. Nxc4 dxc4 15. Bc2 Nd5 16. Qb1 g6 17. e4 Nxc3 18. Bxc3 Qb6 19. a4 Rfd8 20. Rd1 Be8 21. Qb2 Bb4 22. Rd2 Qd6 23. Rad1 Bxc3 24. Qxc3 Qb4 25. Qe3 Rd7 26. h4 h5 27. f3 c3 28. Rd3 Qb2 29. Qf2 Rcd8 30. g4 hxg4 31. fxg4 Qb4 32. e5 Rc7 33. h5 Qe7 34. Qf4 Rc4 35. Rh3 g5 36. Qe4 f5 37. exf6 Qf7 38. h6 e5 39. h7+ Kh8 40. Qxe5 Bd7 41. Qe7 Qxe7 42. fxe7 Re8 43. Re3 Bxg4 44. Rdd3 Bf5 45. Rxc3 Rxc3 46. Rxc3 Bxc2 47. Rxc2 Rxe7 48. Rc5 g4 49. Kg2 Kxh7 50. Kg3 Re4 51. Rd5 Kg6 52. Rd7 b6 53. Rd6+ Kf5 54. Rxb6 Rxd4 55. Rc6 Rxa4 56. Rc5+ Ke4 57. Kxg4 Kd3+ 58. Kf5 Rb4 59. Ke5 a4 60. Kd5 a3 61. Rc1 Rxb5+ 62. Kc6 Rb2 63. Ra1 a2 64. Kc5 Kc3 65. Kd5 Kb3 66. Kd4 Rb1 0-1

[Event "January 2 Early 2024"]
[Site "https://www.chess.com"]
[Date "2024.01.02"]
[Round "11"]
[White "Gutierrez Olivares, Daniel"]
[Black "CamillaEffect"]
[Result "0-1"]
[Board "76"]
[TimeControl "180+1"]
[WhiteFideId "2264005"]
[WhiteElo "2493"]
[BlackElo "2625"]
[WhiteTeam "ESP"]
[WhiteClock "0:00:00"]
[BlackClock "0:00:07"]

1. Nf3 d5 2. c4 c6 3. g3 Nf6 4. b3 Bg4 5. Bb2 Nbd7 6. Bg2 e6 7. O-O Be7 8. d3 O-O 9. Nbd2 a5 10. a3 b5 11. Qc2 h6 12. Rfe1 Qb6 13. Rac1 bxc4 14. dxc4 Rab8 15. e4 dxe4 16. Ne5 Bc5 17. Nxd7 Bxf2+ 18. Kh1 Nxd7 19. Qc3 e5 20. Rxe4 Bd4 21. Rxd4 exd4 22. Qxd4 Qxd4 23. Bxd4 c5 24. Bc3 a4 25. bxa4 Rfe8 26. a5 Re6 27. Bd5 Ra6 28. Rf1 Be6 29. Bg2 Nf6 30. Bxf6 gxf6 31. Ne4 Bxc4 32. Nxf6+ Kg7 33. Nh5+ Kf8 34. Rc1 Bd3 35. Nf4 Rb1 36. Rxb1 Bxb1 37. a4 Rxa5 38. Bc6 c4 39. Nd5 Be4+ 40. Kg1 Bxd5 41. Bb5 c3 42. Kf2 c2 43. Ke3 c1=Q+ 0-1

[Event "January 2 Early 2024"]
[Site "https://www.chess.com"]
[Date "2024.01.02"]
[Round "11"]
[White "Azali, Tannaz"]
[Black "Andrews, Todd"]
[Result "1-0"]
[Board "77"]
[TimeControl "180+1"]
[WhiteFideId "12537721"]
[BlackFideId "2012456"]
[WhiteElo "2486"]
[BlackElo "2601"]
[WhiteTeam "IRI"]
[BlackTeam "USA"]
[WhiteClock "0:02:10"]
[BlackClock "0:00:50"]

1. e4 e6 2. d4 d5 3. Nc3 Bb4 4. e5 c5 5. a3 Bxc3+ 6. bxc3 Ne7 7. h4 Qc7 8. Bd2 Nbc6 9. Qg4 Nf5 10. Bd3 Nce7 11. Ne2 Bd7 12. Qf4 c4 13. Bxf5 Nxf5 14. g4 Ne7 15. h5 h6 16. Ng3 Rf8 17. g5 Nf5 18. Nxf5 exf5 19. gxh6 gxh6 20. Qxh6 O-O-O 21. Qf6 Rde8 22. h6 Re6 23. Qg7 Qd8 24. Bg5 f6 25. Bxf6 Rfxf6 26. h7 Be8 27. h8=Q Rg6 28. Qgf8 f4 29. Qc5+ Rc6 30. Qxa7 f3 31. Qa8+ Kc7 32. Qxd8+ Kxd8 33. O-O-O Ra6 34. Rdg1 Rge6 35. Rh6 Re7 36. Rxa6 bxa6 37. Qf6 Ba4 38. Rg7 1-0

[Event "January 2 Early 2024"]
[Site "https://www.chess.com"]
[Date "2024.01.02"]
[Round "11"]
[White "Shubenkova, Veronika"]
[Black "Pourkashiyan, Atousa"]
[Result "0-1"]
[Board "78"]
[TimeControl "180+1"]
[WhiteFideId "44124040"]
[BlackFideId "12502014"]
[WhiteElo "2595"]
[BlackElo "2464"]
[WhiteTeam "RUS"]
[BlackTeam "USA"]
[WhiteClock "0:00:15"]
[BlackClock "0:00:58"]

1. d4 Nf6 2. e3 d5 3. f4 Bf5 4. Nf3 e6 5. c3 Be7 6. Bd3 Bxd3 7. Qxd3 O-O 8. Nbd2 c5 9. Ne5 Nc6 10. O-O Rc8 11. Rf3 Bd6 12. Rh3 Ne7 13. b3 Ng6 14. Ndf3 Ne4 15. Bd2 cxd4 16. exd4 f6 17. Nxg6 hxg6 18. Nh4 Kf7 19. Re1 Rh8 20. Rxe4 dxe4 21. Qxe4 Rxh4 22. Rxh4 Qc7 23. Rh7 Qc6 24. Qe1 b5 25. h4 Qd5 26. h5 gxh5 27. Qh4 Kg6 28. f5+ Qxf5 29. g4 Qb1+ 30. Kf2 Kxh7 31. Qxh5+ Kg8 32. Qxb5 Qd1 33. Be3 Qxg4 34. c4 Bg3+ 35. Kg2 Bf4+ 36. Kf2 Qg3+ 37. Kf1 Qxe3 38. Qd7 Rf8 39. c5 Bg3 40. Kg2 Qf2+ 41. Kh3 Qh2+ 42. Kg4 Qh4+ 43. Kf3 Qh3 44. c6 Bh4+ 45. Ke2 Qg2+ 46. Kd3 Qd5 47. Qb7 Rd8 48. Qxa7 Qxc6 49. Qe7 Qd5 50. Qa7 Bf2 51. Kc2 Bxd4 52. Qc7 Qc5+ 0-1

[Event "January 2 Early 2024"]
[Site "https://www.chess.com"]
[Date "2024.01.02"]
[Round "11"]
[White "Palczert, Matyas"]
[Black "Shinkarev, M"]
[Result "0-1"]
[Board "79"]
[TimeControl "180+1"]
[WhiteFideId "784958"]
[BlackFideId "4145348"]
[WhiteElo "2594"]
[BlackElo "2446"]
[WhiteTeam "HUN"]
[BlackTeam "RUS"]
[WhiteClock "0:00:18"]
[BlackClock "0:01:15"]

1. d4 Nf6 2. Nc3 d5 3. e4 dxe4 4. f3 exf3 5. Nxf3 e6 6. Bg5 h6 7. Bh4 c5 8. Bb5+ Bd7 9. Bxd7+ Nbxd7 10. d5 e5 11. d6 g5 12. Bg3 e4 13. Ne5 Bg7 14. Nxd7 Qxd7 15. O-O O-O 16. Be5 Qe6 17. Bxf6 Bxf6 18. Nb5 Rad8 19. Qe2 a6 20. Na3 Bxb2 21. Nc4 Bd4+ 22. Kh1 Bxa1 23. Rxa1 b5 24. Ne3 Rxd6 25. g4 Rfd8 26. Rf1 Rd2 27. Qe1 Qe5 28. Qg3 Qxg3 29. hxg3 Re2 30. Nf5 Kh7 31. Ne7 Rdd2 32. Rxf7+ Kh8 33. Kg1 Rd1+ 0-1

[Event "January 2 Early 2024"]
[Site "https://www.chess.com"]
[Date "2024.01.02"]
[Round "11"]
[White "Aggelis, Nikolaos"]
[Black "Micic, Aleksa"]
[Result "1-0"]
[Board "80"]
[TimeControl "180+1"]
[WhiteFideId "4213220"]
[BlackFideId "989940"]
[WhiteElo "2572"]
[BlackElo "2446"]
[WhiteTeam "GRE"]
[BlackTeam "SRB"]
[WhiteClock "0:00:44"]
[BlackClock "0:01:17"]

1. c4 Nf6 2. g3 g6 3. b3 Bg7 4. Bb2 O-O 5. Bg2 d6 6. Nf3 e5 7. O-O Nc6 8. d4 exd4 9. Nxd4 Nxd4 10. Qxd4 Ne8 11. Qd2 Bxb2 12. Qxb2 Qf6 13. Nc3 Be6 14. Bxb7 Rb8 15. Bd5 Ng7 16. Qd2 Nf5 17. Rac1 h5 18. Qf4 Kg7 19. h4 Rb6 20. Rfd1 c6 21. Ne4 Qe5 22. Qxe5+ dxe5 23. Bxe6 fxe6 24. Rd7+ Rf7 25. Rxf7+ Kxf7 26. e3 a5 27. Rd1 Ke7 28. Nc5 Nd6 29. Kg2 Rb4 30. Nd3 Rb7 31. Nxe5 a4 32. Nxc6+ Kd7 33. Ne5+ Kc7 34. c5 Ne4 35. Rd7+ Kc8 36. Rxb7 Kxb7 37. c6+ Kc7 38. bxa4 Nc3 39. Nxg6 Kxc6 40. Nf4 Kd6 41. Nxh5 Nxa4 42. g4 Ke5 43. f4+ Ke4 44. g5 Nc5 45. g6 Kxe3 46. g7 1-0

[Event "January 2 Early 2024"]
[Site "https://www.chess.com"]
[Date "2024.01.02"]
[Round "11"]
[White "Sztokbant, Bernardo Vainzoff"]
[Black "Ginzburg, Yakov"]
[Result "1-0"]
[Board "81"]
[TimeControl "180+1"]
[WhiteFideId "2115956"]
[BlackFideId "4157176"]
[WhiteElo "2445"]
[BlackElo "2558"]
[WhiteTeam "BRA"]
[BlackTeam "RUS"]
[WhiteClock "0:01:15"]
[BlackClock "0:00:20"]

1. Nc3 d5 2. d4 Nf6 3. Bf4 Bf5 4. e3 c6 5. Bd3 Bxd3 6. Qxd3 Nbd7 7. Nf3 e6 8. O-O Be7 9. e4 dxe4 10. Nxe4 Nxe4 11. Qxe4 O-O 12. Rfe1 c5 13. Rad1 Nf6 14. Qxb7 Nd5 15. Bg3 Qb6 16. Qxb6 axb6 17. dxc5 Rxa2 18. Rxd5 exd5 19. Rxe7 Rxb2 20. c6 Rxc2 21. c7 b5 22. h4 b4 23. Nd4 Rc4 24. Nb3 Rc3 25. Rd7 Rxb3 26. Rd8 Rb1+ 27. Kh2 Rc1 28. Bd6 g5 29. Bxf8 f6 30. Bc5+ 1-0

[Event "January 2 Early 2024"]
[Site "https://www.chess.com"]
[Date "2024.01.02"]
[Round "11"]
[White "Bashirli, Saadat"]
[Black "Womacka, Mathias"]
[Result "0-1"]
[Board "82"]
[TimeControl "180+1"]
[WhiteFideId "13429990"]
[BlackFideId "4611390"]
[WhiteElo "2442"]
[BlackElo "2550"]
[WhiteTeam "AZE"]
[BlackTeam "GER"]
[WhiteClock "0:00:06"]
[BlackClock "0:00:24"]

1. d4 Nf6 2. e3 e6 3. Bd3 c5 4. c3 Nc6 5. f4 d6 6. Nf3 Be7 7. O-O O-O 8. Nbd2 e5 9. b3 Bg4 10. Qe1 Bxf3 11. fxe5 dxe5 12. gxf3 exd4 13. cxd4 cxd4 14. e4 Nb4 15. Qe2 Nh5 16. Nc4 b5 17. Ne5 Bd6 18. Ng4 Be7 19. Bxb5 Bd6 20. e5 d3 21. Qe4 Bc5+ 22. Kg2 d2 23. Ba3 a5 24. Rad1 Qg5 25. Kh1 Rad8 26. Bxb4 axb4 27. Bc4 Rd4 28. Qe2 Qh4 29. Rg1 Nf4 30. Qf1 g6 31. Nf6+ Kg7 32. Rg4 Qh6 33. Ne4 Bb6 34. Qg2 Nxg2 35. Rxg2 Qe3 36. Rf2 Rxe4 37. fxe4 Qxf2 0-1

[Event "January 2 Early 2024"]
[Site "https://www.chess.com"]
[Date "2024.01.02"]
[Round "11"]
[White "Sharapov, Evgeny"]
[Black "Nemec, Jachym"]
[Result "0-1"]
[Board "83"]
[TimeControl "180+1"]
[WhiteFideId "14103133"]
[BlackFideId "23716525"]
[WhiteElo "2549"]
[BlackElo "2441"]
[WhiteTeam "UKR"]
[BlackTeam "CZE"]
[WhiteClock "0:02:45"]
[BlackClock "0:02:37"]

1. e4 c6 2. d4 d5 3. e5 c5 4. Nf3 Nc6 5. c3 Bg4 6. Be2 Bxf3 7. Bxf3 e6 8. O-O cxd4 9. cxd4 Nge7 10. Be3 Nf5 11. Nc3 Be7 12. Qd2 O-O 13. a3 Rc8 14. Rac1 Qb6 15. b4 Ncxd4 16. Bg4 Nxe3 17. Qxe3 Nb3 0-1

[Event "January 2 Early 2024"]
[Site "https://www.chess.com"]
[Date "2024.01.02"]
[Round "11"]
[White "Begunov, Konstantin"]
[Black "Khamdamova, Afruza"]
[Result "1-0"]
[Board "84"]
[TimeControl "180+1"]
[WhiteFideId "4118510"]
[BlackFideId "14210444"]
[WhiteElo "2439"]
[BlackElo "2536"]
[WhiteTeam "RUS"]
[BlackTeam "UZB"]
[WhiteClock "0:00:31"]
[BlackClock "0:00:00"]

1. d4 Nf6 2. c4 e6 3. Nf3 d5 4. cxd5 exd5 5. Nc3 Be7 6. Bg5 O-O 7. Qc2 Re8 8. e3 c6 9. Bd3 h6 10. Bh4 Nbd7 11. O-O Ne4 12. Bxe4 Bxh4 13. Bh7+ Kh8 14. Bf5 Bf6 15. b4 Nf8 16. b5 c5 17. Rfd1 b6 18. a4 g6 19. Bxc8 Rxc8 20. Qb3 c4 21. Qc2 Ne6 22. a5 Qd6 23. axb6 axb6 24. Ra7 Kg7 25. Rda1 h5 26. R1a6 Nc7 27. Ra1 h4 28. h3 Ra8 29. Rxa8 Rxa8 30. Rxa8 Nxa8 31. Qa4 Nc7 32. Qa7 Bd8 33. Qb7 Qb4 34. Nxd5 Nxd5 35. Qxd5 Qb1+ 36. Kh2 Bc7+ 37. Ne5 Bxe5+ 38. Qxe5+ Kh7 39. Qc7 Qxb5 40. Qxf7+ Kh6 41. d5 Qc5 42. Qf4+ Kg7 43. d6 Qc6 44. Qe5+ Kf8 45. Qe7+ Kg8 46. d7 Qc7+ 47. f4 1-0

[Event "January 2 Early 2024"]
[Site "https://www.chess.com"]
[Date "2024.01.02"]
[Round "11"]
[White "Rogov, Matfey"]
[Black "Mayaud, Raphael"]
[Result "1-0"]
[Board "85"]
[TimeControl "180+1"]
[WhiteFideId "44191308"]
[BlackFideId "627151"]
[WhiteElo "2532"]
[BlackElo "2427"]
[WhiteTeam "RUS"]
[BlackTeam "FRA"]
[WhiteClock "0:00:34"]
[BlackClock "0:00:00"]

1. Nc3 d5 2. d4 Nf6 3. Bg5 c6 4. e3 Bf5 5. Nf3 Nbd7 6. Bd3 e6 7. Bxf5 exf5 8. Qd3 g6 9. Ne5 Be7 10. Nxd7 Qxd7 11. O-O O-O 12. f3 Nh5 13. Bxe7 Qxe7 14. e4 dxe4 15. fxe4 fxe4 16. Nxe4 f5 17. Nc5 Qf7 18. Rae1 Rae8 19. Qa3 a6 20. Qb4 Rxe1 21. Rxe1 Re8 22. Rxe8+ Qxe8 23. Qb3+ Kg7 24. Qc3 Nf4 25. Qd2 g5 26. g3 Nh3+ 27. Kg2 g4 28. c4 Qe7 29. Kf1 b6 30. Nd3 Qe4 31. Nf2 Qf3 32. Qe2 Qxe2+ 33. Kxe2 Nxf2 34. Kxf2 Kf6 35. Ke3 h5 36. Kf4 b5 37. b3 bxc4 38. bxc4 Ke6 39. Kg5 c5 40. dxc5 Ke5 41. Kxh5 Kd4 42. c6 1-0

[Event "January 2 Early 2024"]
[Site "https://www.chess.com"]
[Date "2024.01.02"]
[Round "11"]
[White "Petukhov, Dmitry"]
[Black "Nayak Rajesh"]
[Result "0-1"]
[Board "86"]
[TimeControl "180+1"]
[WhiteFideId "4142748"]
[BlackFideId "35017152"]
[WhiteElo "2527"]
[BlackElo "2407"]
[WhiteTeam "RUS"]
[BlackTeam "IND"]
[WhiteClock "0:00:45"]
[BlackClock "0:01:24"]

1. e4 d6 2. d4 Nf6 3. Nc3 g6 4. Bg5 Bg7 5. Qd2 a6 6. f3 b5 7. a3 Bb7 8. Bd3 Nfd7 9. h4 h6 10. Be3 c5 11. dxc5 Nxc5 12. h5 g5 13. Nge2 Nbd7 14. Bd4 Ne5 15. O-O O-O 16. f4 Nexd3 17. Bxg7 Kxg7 18. cxd3 Nb3 19. Qe3 Nxa1 20. fxg5 Nc2 21. gxh6+ Kh7 22. Qg5 Rg8 23. Rxf7+ Kh8 24. Qf5 Rxg2+ 25. Kh1 Qg8 26. h7 Qg5 27. Qxg5 Rxg5 28. Nf4 Rg7 29. Rf5 Ne3 30. Ng6+ Rxg6 31. hxg6 Nxf5 0-1

[Event "January 2 Early 2024"]
[Site "https://www.chess.com"]
[Date "2024.01.02"]
[Round "11"]
[White "Novak, Ratko"]
[Black "Baches Garcia, Guillermo"]
[Result "0-1"]
[Board "87"]
[TimeControl "180+1"]
[WhiteFideId "14511827"]
[BlackFideId "2209764"]
[WhiteElo "2392"]
[BlackElo "2517"]
[WhiteTeam "CRO"]
[BlackTeam "ESP"]
[WhiteClock "0:01:17"]
[BlackClock "0:00:45"]

1. d4 d5 2. c4 e6 3. cxd5 exd5 4. Nc3 a6 5. f3 c5 6. dxc5 Nf6 7. Be3 Nc6 8. Bf2 d4 9. Na4 Qa5+ 10. Qd2 Qxa4 11. a3 Bxc5 12. Rc1 Be7 13. g4 h6 14. Nh3 Qa5 15. Qxa5 Nxa5 16. Bxd4 Nb3 17. Rd1 Nxd4 18. Rxd4 Be6 19. e4 Rc8 20. Nf4 Bb3 21. Nd3 O-O 22. e5 Nd5 23. Be2 Rfd8 24. O-O Ne3 25. Rxd8+ Rxd8 26. Rc1 Bc4 27. Nf4 Bxe2 28. Nxe2 Rd1+ 29. Rxd1 Nxd1 30. b4 Ne3 31. h3 Nc4 0-1

[Event "January 2 Early 2024"]
[Site "https://www.chess.com"]
[Date "2024.01.02"]
[Round "11"]
[White "Rietze, Clemens, Dr."]
[Black "Buscar, Michael"]
[Result "0-1"]
[Board "88"]
[TimeControl "180+1"]
[WhiteFideId "24620351"]
[BlackFideId "2603616"]
[WhiteElo "2517"]
[BlackElo "2378"]
[WhiteTeam "GER"]
[BlackTeam "CAN"]
[WhiteClock "0:00:00"]
[BlackClock "0:00:05"]

1. d4 d5 2. c4 e6 3. Nf3 c5 4. cxd5 exd5 5. g3 Nc6 6. Bg2 Nf6 7. O-O Be7 8. dxc5 Bxc5 9. a3 O-O 10. b4 Be7 11. Bb2 Ne4 12. Nfd2 Bf6 13. Qb3 Nd4 14. Bxd4 Bxd4 15. Ra2 Be6 16. Rc2 Qb6 17. e3 Bf6 18. Qd3 Nxd2 19. Nxd2 d4 20. e4 Rac8 21. Rfc1 Rc3 22. Rxc3 dxc3 23. Nc4 Qa6 24. Bf1 Rd8 25. Qe2 Bxc4 26. Qxc4 Qxa3 27. Re1 Bd4 28. e5 Qb2 29. Re2 Bxe5 30. Rxe5 c2 31. Rc5 h6 32. Qxc2 Qxb4 33. Rc7 a5 34. Bc4 b5 35. Bxf7+ Kh8 36. Qg6 Qe1+ 37. Kg2 Qe5 38. Rc6 a4 39. h4 a3 40. Re6 Qd5+ 41. Kh2 Qd4 42. Re4 Qxf2+ 43. Kh3 Qf1+ 44. Kg4 Qd1+ 45. Kf5 Qd7+ 46. Kf4 Qd6+ 47. Re5 Qxg6 48. Bxg6 a2 49. Re1 Rf8+ 50. Kg4 b4 0-1

[Event "January 2 Early 2024"]
[Site "https://www.chess.com"]
[Date "2024.01.02"]
[Round "11"]
[White "Weisz, Bryan"]
[Black "Lacasa Diaz, Josep Anton"]
[Result "0-1"]
[Board "89"]
[TimeControl "180+1"]
[WhiteFideId "30934133"]
[BlackFideId "2203375"]
[WhiteElo "2516"]
[BlackElo "2341"]
[WhiteTeam "USA"]
[BlackTeam "ESP"]
[WhiteClock "0:00:28"]
[BlackClock "0:00:35"]

1. f3 g6 2. Nh3 Bg7 3. Nf2 Nf6 4. e4 O-O 5. d4 d6 6. Be3 a6 7. Qd2 b5 8. Bh6 c5 9. d5 Bxh6 10. Qxh6 e6 11. h4 exd5 12. h5 dxe4 13. hxg6 fxg6 14. Nxe4 Qe7 15. Kd1 Nxe4 16. fxe4 Bg4+ 17. Kc1 Nc6 18. Nc3 Qg7 19. Qh4 Be6 20. Qg3 Ne5 21. Be2 b4 22. Na4 Rab8 23. Rd1 Bd7 24. b3 Bxa4 25. bxa4 Kh8 26. Rb1 Qf6 27. Bxa6 c4 28. Qe3 Nd3+ 29. Kd2 Qc3+ 30. Ke2 Rf2+ 31. Qxf2 Nxf2 32. Kxf2 Rf8+ 33. Kg1 Qe3+ 34. Kh1 Qh6+ 35. Kg1 Qe3+ 36. Kh1 Qxe4 37. Rxb4 d5 38. Bb7 Qh4+ 39. Kg1 Qf2+ 40. Kh1 Rf4 41. Bc8 Rh4+ 42. Bh3 Rxh3+ 43. gxh3 Qf3+ 0-1

[Event "January 2 Early 2024"]
[Site "https://www.chess.com"]
[Date "2024.01.02"]
[Round "11"]
[White "Jahnz, Fabian"]
[Black "Goncalves, Davi Sulzbacher"]
[Result "1-0"]
[Board "90"]
[TimeControl "180+1"]
[WhiteFideId "4653300"]
[BlackFideId "2154510"]
[WhiteElo "2332"]
[BlackElo "2514"]
[WhiteTeam "GER"]
[BlackTeam "BRA"]
[WhiteClock "0:00:49"]
[BlackClock "0:01:00"]

1. e4 c5 2. Nf3 d6 3. Bb5+ Nd7 4. O-O a6 5. Bxd7+ Bxd7 6. Qe2 Nf6 7. Rd1 g6 8. c3 Bg7 9. d4 cxd4 10. cxd4 O-O 11. Nc3 Rc8 12. h3 b5 13. a3 Qb6 14. Bf4 Bc6 15. Rac1 a5 16. d5 Bd7 17. e5 dxe5 18. Bxe5 b4 19. axb4 axb4 20. Ne4 Rxc1 21. Rxc1 Nxd5 22. Bxg7 Kxg7 23. Rd1 Bc6 24. Nd4 Bb7 25. Ng3 Nf4 26. Qe5+ Qf6 27. Ndf5+ gxf5 28. Qxf4 e6 29. Nh5+ 1-0

[Event "January 2 Early 2024"]
[Site "https://www.chess.com"]
[Date "2024.01.02"]
[Round "11"]
[White "Bold, Andre"]
[Black "Onslow, Alfie"]
[Result "1-0"]
[Board "91"]
[TimeControl "180+1"]
[WhiteFideId "16208471"]
[BlackFideId "436976"]
[WhiteElo "2513"]
[BlackElo "2309"]
[WhiteTeam "GER"]
[BlackTeam "ENG"]
[WhiteClock "0:01:08"]
[BlackClock "0:00:03"]

1. d4 Nf6 2. Nf3 c5 3. c3 cxd4 4. cxd4 g6 5. Nc3 d5 6. Bf4 Bg7 7. e3 O-O 8. h3 a6 9. Bd3 Nc6 10. O-O Bf5 11. a3 Bxd3 12. Qxd3 Na5 13. Ne5 Rc8 14. b4 Nc4 15. Nxc4 dxc4 16. Qe2 Nd5 17. Nxd5 Qxd5 18. a4 Rfd8 19. Rfb1 b5 20. axb5 axb5 21. Ra5 Rd7 22. Rba1 e5 23. Bxe5 Bxe5 24. dxe5 Qxe5 25. f4 Qc3 26. Qe1 Rd2 27. R5a2 Rcd8 28. Rxd2 Qxd2 29. Qxd2 Rxd2 30. Ra5 Rd5 31. e4 Rd4 32. Rxb5 Rxe4 33. f5 Kg7 34. fxg6 hxg6 35. Rc5 Kf6 36. Kf2 Ke6 37. Kf3 f5 38. Rc6+ Ke5 39. Rxg6 Kd4 40. Rd6+ Kc3 41. b5 Kb4 42. b6 Re7 43. Rc6 c3 44. Rc7 Re6 45. b7 Rb6 46. Kf4 Rb5 47. h4 Kb3 48. h5 c2 49. h6 Kb2 50. h7 c1=Q+ 51. Rxc1 Kxc1 52. h8=Q 1-0

[Event "January 2 Early 2024"]
[Site "https://www.chess.com"]
[Date "2024.01.02"]
[Round "11"]
[White "Stojanovski, Sandi"]
[Black "Ghosh, Chanchal Kumer"]
[Result "1-0"]
[Board "92"]
[TimeControl "180+1"]
[WhiteFideId "1403249"]
[BlackFideId "10201858"]
[WhiteElo "2506"]
[BlackElo "2095"]
[WhiteTeam "DEN"]
[BlackTeam "BAN"]
[WhiteClock "0:00:04"]
[BlackClock "0:00:05"]

1. d4 d5 2. c4 e6 3. Nc3 Nf6 4. cxd5 exd5 5. Nf3 b6 6. Bg5 Bb7 7. e3 Be7 8. Qa4+ c6 9. Be2 O-O 10. O-O Nbd7 11. Rfd1 Re8 12. Rac1 h6 13. Bh4 Ne4 14. Bxe7 Qxe7 15. Nxe4 dxe4 16. Nd2 Nf6 17. Ba6 Bxa6 18. Qxa6 Nd5 19. a3 Qd7 20. Rc2 Re6 21. Rdc1 Rg6 22. Nxe4 h5 23. Qe2 h4 24. Qf3 Re8 25. h3 Ree6 26. b4 Nf6 27. Nxf6+ Rexf6 28. Qe4 Re6 29. Qf5 Rxg2+ 30. Kxg2 Rg6+ 31. Qxg6 fxg6 32. Rxc6 Qd5+ 33. Kh2 g5 34. Rc7 Qd6+ 35. Kg2 Qd5+ 36. Kg1 Qf5 37. Rxa7 Qxh3 38. Rcc7 Qg4+ 39. Kh2 Qf3 40. Rxg7+ Kf8 41. Raf7+ Qxf7 42. Rxf7+ Kxf7 43. Kh3 Kf6 44. f4 gxf4 45. exf4 Kf5 46. d5 b5 47. Kxh4 Kxf4 48. d6 1-0

[Event "January 2 Early 2024"]
[Site "https://www.chess.com"]
[Date "2024.01.02"]
[Round "11"]
[White "Smirnov, Mark"]
[Black "Sanchez Alvares, Kelvin Antonio"]
[Result "1-0"]
[Board "93"]
[TimeControl "180+1"]
[WhiteFideId "13764594"]
[BlackFideId "3906680"]
[WhiteElo "2533"]
[BlackElo "2460"]
[WhiteTeam "KAZ"]
[BlackTeam "VEN"]
[WhiteClock "0:00:08"]
[BlackClock "0:00:38"]

1. e4 e5 2. Nc3 Nc6 3. g3 Nf6 4. Bg2 Bc5 5. Nge2 d6 6. O-O h6 7. Na4 Bb6 8. Nxb6 axb6 9. d4 exd4 10. Nxd4 O-O 11. c4 Nxd4 12. Qxd4 Nd7 13. b3 Qf6 14. Qxf6 Nxf6 15. Bb2 Nd7 16. Rfd1 Nc5 17. e5 dxe5 18. Bxe5 Na6 19. a3 Re8 20. Re1 c6 21. Bd4 Rxe1+ 22. Rxe1 Bf5 23. Bxb6 Kf8 24. b4 Be6 25. b5 Nb8 26. Bc5+ Ke8 27. Bh3 Kd7 28. Bxe6+ fxe6 29. Rd1+ Kc8 30. Rd6 Nd7 31. Be3 Rxa3 32. bxc6 bxc6 33. Rxc6+ Kd8 34. Rxe6 Rc3 35. Rg6 Rxc4 36. Rxg7 h5 37. Rh7 h4 38. Bg5+ Ke8 39. Re7+ Kf8 40. Rxd7 h3 41. Rh7 Rc5 42. Be3 Ra5 43. Rxh3 Kf7 44. Kg2 Kg6 45. Rh4 Ra2 46. Rg4+ Kf5 47. Rf4+ Ke5 48. h4 Ra1 49. h5 Ra6 50. h6 Rxh6 51. Re4+ Kxe4 52. Bxh6 Kd3 53. Kf3 Kd4 54. Bf4 Kd5 55. g4 Ke6 56. g5 Kf7 57. Kg4 Kg6 58. f3 Kg7 59. Bg3 Kg6 60. f4 Kf7 61. f5 Kg7 62. Be5+ Kh7 63. g6+ Kh6 64. Bf4+ Kg7 65. Kg5 Kh8 66. f6 Kg8 67. f7+ Kf8 68. Bd6+ Kg7 69. f8=Q# 1-0

[Event "January 2 Early 2024"]
[Site "https://www.chess.com"]
[Date "2024.01.02"]
[Round "11"]
[White "Herman, Daniel"]
[Black "Ismayil, Malak"]
[Result "0-1"]
[Board "94"]
[TimeControl "180+1"]
[WhiteFideId "30935008"]
[BlackFideId "13412604"]
[WhiteElo "2426"]
[BlackElo "2531"]
[WhiteTeam "USA"]
[BlackTeam "AZE"]
[WhiteClock "0:00:09"]
[BlackClock "0:00:15"]

1. c4 e5 2. d3 Nf6 3. g3 d5 4. cxd5 Nxd5 5. Bg2 Nc6 6. Nc3 Nxc3 7. bxc3 Bc5 8. Nf3 O-O 9. O-O Bg4 10. Rb1 Bb6 11. Rb5 Re8 12. Qb3 a6 13. Rd5 Qf6 14. Ng5 Bxe2 15. Ne4 Qg6 16. Be3 Bxf1 17. Kxf1 Bxe3 18. fxe3 Rab8 19. Rd7 Red8 20. Nc5 b6 21. Bd5 Rf8 22. Ne4 Na5 23. Qa4 c6 24. Kg2 cxd5 25. Rxd5 Rfd8 26. c4 Rxd5 27. cxd5 Rd8 28. d6 f5 29. Qb4 fxe4 30. Qxb6 Qxd6 31. Qxa5 exd3 0-1